 Dungeon Crawl Stone Soup version 0.26-a0-661-g406de6ba63 (webtiles) character file.

Game seed: 7019113092161109023

3656 ringo67 the Cleaver (level 9, -9/82 HPs)
             Began as a Deep Dwarf Fighter on Oct 9, 2020.
             Was a Follower of Makhleb.
             Mangled by a hornet (12 damage)
             ... while paralysed by a hornet
             ... on level 8 of the Dungeon.
             The game lasted 00:07:51 (4085 turns).

ringo67 the Cleaver (Deep Dwarf Fighter)            Turns: 4085, Time: 00:07:51

Health: -9/82      AC:  9    Str: 23    XL:     9   Next: 88%
Magic:  4/4        EV:  2    Int:  9    God:    Makhleb [*.....]
Gold:   335        SH:  0    Dex: 12    Spells: 8/8 levels left

rFire    . . .     SeeInvis .   m - +2 war axe (vorpal)
rCold    . . .     Faith    .   c - +0 kite shield
rNeg     . . .     Spirit   .   b - +0 scale mail
rPois    .         Reflect  .   g - +0 helmet
rElec    .         Harm     .   p - -2 cloak (curse)
rCorr    .         Rampage  .   (no gloves)
MR       +....                  t - +0 pair of boots
Stlth    ..........             (no amulet)
HPRegen  0.00/turn              (no ring)
MPRegen  0.09/turn              (no ring)

@: paralysed, mighty, lethally poisoned (-9 -> -12), non-regenerating, slowed
A: damage resistance, heal wounds, sense surroundings 2, no regeneration
a: Heal Wounds, Renounce Religion


You were on level 8 of the Dungeon.
You worshipped Makhleb.
Makhleb was aware of your devotion.
You visited 2 branches of the dungeon, and saw 9 of its levels.

You collected 335 gold pieces.

Inventory:

Hand Weapons
 a - a +0 war axe
 m - a +2 vorpal war axe (weapon)
Armour
 b - a +0 scale mail (worn)
 c - a +0 kite shield (worn)
 g - a +0 helmet (worn)
 p - a cursed -2 cloak (worn)
 t - a +0 pair of boots (worn)
Jewellery
 i - an uncursed ring of resist corrosion {unknown}
 A - an uncursed ring of protection from fire {unknown}
Wands
 n - a wand of random effects (14)
 w - a wand of iceblast (8)
 y - a wand of flame (16)
Scrolls
 h - 2 scrolls of noise
 j - a scroll of teleportation
 l - a scroll of enchant weapon
 r - 2 scrolls of identify
 s - a scroll of fog {unknown}
 v - a scroll of blinking {unknown}
 x - a scroll of enchant armour {unknown}
Potions
 d - 2 potions of might
 e - 6 potions of curing
 f - 2 potions of lignification
 k - a potion of berserk rage
 o - a potion of magic
 q - 2 potions of haste
 u - a potion of stabbing
 z - a potion of flight
 B - a potion of ambrosia {unknown}
 C - a potion of heal wounds {unknown}


   Skills:
 * Level 5.7 Fighting
 * Level 11.4 Axes
 + Level 6.4 Armour
 + Level 3.1 Dodging
 + Level 1.0 Stealth
 + Level 6.4 Shields


You had 8 spell levels left.
You didn't know any spells.
Your spell library was empty.

Dungeon Overview and Level Annotations

Branches:
Dungeon (8/15)             Temple (1/1) D:6            Lair (0/6) D:8

Altars:
Dithmenos
Gozag
Makhleb
Nemelex Xobeh
Sif Muna
Uskayaw
Vehumet
Zin

Annotations:
D:6 1 runed translucent door, Crazy Yiuf


Innate Abilities, Weirdness & Mutations

You are resistant to damage.
You can heal yourself by infusing magical energy.
You passively map the area around you.
You do not regenerate.


Message History

You feel as though you will be slow longer.
You block the hornet's attack.
You feel very mighty all of a sudden.
You feel very sick. You block the hornet's attack.
The hornet closely misses you. The hornet stings you!
* * * LOW HITPOINT WARNING * * *
You feel as though you will be slow longer.
Unknown command.
You miss the hornet.
The hornet is almost dead.
You feel sick. You block the hornet's attack. The hornet stings you.
You are lethally poisoned!
You suddenly lose the ability to move!
* * * LOW HITPOINT WARNING * * *
You feel sick.
The hornet stings you but does no damage.
* * * LOW HITPOINT WARNING * * *
You feel sick. The hornet stings you!
You die...

###* * .., , , * .#*
.#* , ###.##..##
#.oZ..(... #oo...)!..
, #y#o##..## #@#.# * *
, #.#.., , , #.#####
##.# #.# , *
####..###.## .#
#..........####.#####
#.#######..##........,
#.#........##.#.....#
#.#.######.##........*


You could see a hornet, an orc warrior, an orc priest, an orc and a bullfrog
zombie.

Vanquished Creatures
  A two-headed ogre (D:8)
  Pikel (D:5)
  A troll (D:7)
  A wyvern (D:8)
  Eustachio (D:5)
  Grum (D:8)
  An orc warrior (D:5)
  2 sky beasts (D:5)
  A black bear (D:8)
  An ice beast (D:5)
  3 wolves (D:8)
  2 ogres
  2 centaurs (D:6)
  Blork the orc (D:6)
  2 scorpions
  5 hounds
  2 orc priests
  3 jellies (D:7)
  3 orc wizards
  A bullfrog skeleton (D:5)
  Ijyb (D:3)
  2 iguanas
  2 worker ants
  A hound zombie (D:7)
  12 adders
  A shadow imp (D:6)
  4 ufetubi
  4 worms
  2 dart slugs (D:1)
  2 leopard geckos
  16 orcs
  2 goblins
  5 hobgoblins
  4 jackals
  2 quokkas
  A ball python (D:5)
  6 bats
  2 frilled lizards
  A jackal skeleton (D:5)
  3 kobolds (D:2)
  A quokka zombie (D:6)
  2 rats
111 creatures vanquished.

Notes
Turn   | Place    | Note
-------+----------+-------------------------------------------
     0 | D:1      | ringo67 the Deep Dwarf Fighter began the quest for the Orb.
     0 | D:1      | Reached XP level 1. HP: 20/20 MP: 1/1
   198 | D:1      | Reached XP level 2. HP: 28/28 MP: 2/2
   284 | D:2      | Reached skill level 3 in Axes
   308 | D:2      | Reached XP level 3. HP: 34/34 MP: 3/3
   724 | D:3      | Noticed Ijyb
   737 | D:3      | Killed Ijyb
   737 | D:3      | Reached skill level 1 in Dodging
   737 | D:3      | Reached XP level 4. HP: 27/42 MP: 4/4
   893 | D:3      | Reached skill level 4 in Axes
   893 | D:3      | Reached XP level 5. HP: 30/50 MP: 4/4
  1254 | D:4      | Found a glowing silver altar of Zin.
  1254 | D:4      | Found an opulent altar of Gozag.
  1328 | D:4      | Reached XP level 6. HP: 54/57 MP: 5/5
  1398 | D:4      | Found a sparkling altar of Nemelex Xobeh.
  1398 | D:4      | Found a radiant altar of Vehumet.
  1650 | D:5      | Entered Level 5 of the Dungeon
  1661 | D:5      | Noticed Eustachio
  1667 | D:5      | Reached skill level 5 in Axes
  1670 | D:5      | Noticed a sky beast
  1681 | D:5      | Killed Eustachio
  1681 | D:5      | Reached skill level 5 in Shields
  1685 | D:5      | Killed a sky beast
  1685 | D:5      | Reached skill level 6 in Axes
  1685 | D:5      | Reached XP level 7. HP: 46/64 MP: 6/6
  1942 | D:5      | Noticed Pikel
  1957 | D:5      | Killed Pikel
  1957 | D:5      | Reached skill level 7 in Axes
  1957 | D:5      | Reached XP level 8. HP: 64/73 MP: 5/5
  2004 | D:5      | Reached skill level 8 in Axes
  2097 | D:5      | Found a shadowy altar of Dithmenos.
  2223 | D:5      | Noticed a +0 hand axe
  2251 | D:5      | Found a hide-covered altar of Uskayaw.
  2252 | D:5      | Noticed a +0 dagger
  2544 | D:6      | Found a staircase to the Ecumenical Temple.
  2553 | Temple   | Entered the Ecumenical Temple
  2593 | Temple   | Became a worshipper of Makhleb the Destroyer
  2749 | D:6      | Noticed Blork the orc
  2757 | D:6      | Killed Blork the orc
  2820 | D:6      | Reached skill level 5 in Armour
  2830 | D:6      | Reached skill level 9 in Axes
  2866 | D:6      | Found a shimmering blue altar of Sif Muna.
  2897 | D:6      | Found a runed translucent door.
  2898 | D:6      | Noticed Crazy Yiuf
  3112 | D:7      | Noticed a troll
  3126 | D:7      | Killed a troll
  3126 | D:7      | Reached skill level 5 in Fighting
  3126 | D:7      | Reached skill level 1 in Stealth
  3126 | D:7      | Gained mutation: You passively map the area around you.
                  | [Deep Dwarf growth]
  3126 | D:7      | Reached XP level 9. HP: 38/81 MP: 6/6
  3848 | D:8      | Reached skill level 10 in Axes
  3851 | D:8      | Noticed Grum
  3866 | D:8      | Killed Grum
  3881 | D:8      | Found a staircase to the Lair.
  3893 | D:8      | Noticed a two-headed ogre
  3905 | D:8      | Killed a two-headed ogre
  3905 | D:8      | Reached skill level 11 in Axes
  3944 | D:8      | Reached * piety under Makhleb
  4066 | D:8      | Paralysed by a hornet for 1 turns
  4066 | D:8      | HP: 4/82 [orc warrior/+0 scimitar (10)]
  4066 | D:8      | HP: 1/82 [hornet (3)]
  4079 | D:8      | Paralysed by a hornet for 2 turns
  4083 | D:8      | Paralysed by a hornet for 3 turns
  4085 | D:8      | HP: 3/82 [poisoned by a hornet]
  4085 | D:8      | Mangled by a hornet

Illustrated notes

Levels and vault maps discovered:
D:1:      nzn_arrival_depleted_hourglass, layout_basic, minivault_27
D:2:      layout_rooms, kennysheep_generic_room_15
D:3:      layout_loops_ring, uniq_ijyb
D:4:      layout_rooms, grunt_temple_overflow_gold_and_silver,
          gammafunk_temple_overflow_elements
D:5:      layout_gridville, dancing_weapons_uskayaw,
          grunt_dithmenos_smoke_and_mirrors, uniq_pikel, uniq_eustachio
D:6:      layout_loops_ring, kennysheep_mini_moat,
          minmay_temple_entry_statues_fountains, minmay_puff, uniq_duvessa,
          uniq_blork_the_orc, uniq_crazy_yiuf_cottage
D:7:      layout_basic
D:8:      layout_loops_ring, lair_entry_dummy, kennysheep_generic_room_5,
          uniq_grum
Temple:   nicolae_temple_figure_eight

Skill      XL: |  1  2  3  4  5  6  7  8  9 |
---------------+----------------------------+-----
Fighting       | 3 4 5 |  5.7
Axes           | 3 4 6 7 9 11 | 11.4
Dodging        | 1 2 3 |  3.1
Shields        | 4 5 6 |  6.4
Armour         | 4 5 6 |  6.4
Stealth        | 1 |  1.0

Action                   |  1- 3 |  4- 6 |  7- 9 || total
-------------------------+-------+-------+-------++-------
Melee: War axe           |    72 |   109 |   224 ||   405
 Abil: Heal Wounds       |       |     3 |    12 ||    15
  Use: Scroll            |       |     6 |     5 ||    11
       Potion            |       |       |     1 ||     1
Armor: Scale mail        |    30 |    66 |    78 ||   174
Dodge: Dodged            |    19 |    38 |    69 ||   126
Block: Kite shield       |    44 |    62 |   115 ||   221

Table legend: (Time is in decaauts)
 A = Elapsed time spent in this place.
 B = Non-inter-level travel time spent in this place.
 C = Inter-level travel time spent in this place.
 D = Time resting spent in this place.
 E = Time spent auto-exploring this place.
 F = Levels seen in this place.
 G = Mean time per level.
                   A        B        C        D        E       F      G
               +--------+--------+--------+--------+--------+-----+--------+
         Total |   4187 |   4032 |    155 |      0 |   3095 |   9 |  465.2 |
       Dungeon |   4126 |   3990 |    136 |      0 |   3060 |   8 |  515.8 |
        Temple |     60 |     41 |     19 |      0 |     35 |   1 |   60.0 |
               +--------+--------+--------+--------+--------+-----+--------+

Top non-repeatable levels by time:
     D:5: 901 daAuts
     D:7: 789 daAuts
     D:3: 552 daAuts
     D:2: 499 daAuts
     D:4: 425 daAuts
     D:6: 418 daAuts
     D:8: 301 daAuts
     D:1: 236 daAuts
  Temple: 60 daAuts
